[Event "ICC tourney 3150 (60 10)"]
[Site "Internet Chess Club"]
[Date "2023.03.19"]
[Round "5"]
[White "ZHAO, DANSON:K01-30127679"]
[Black "HAO, RYAN:Ryan334"]
[Result "0-1"]
[ICCResult "White checkmated"]
[WhiteElo "1502"]
[BlackElo "1055"]
[Opening "Giuoco Pianissimo: Italian four knights variation"]
[ECO "C50"]
[NIC "IG.02"]
[Time "14:00:44"]
[PlyCount "264"]
[TimeControl "3600+10"]

1. e4 e5 2. Nf3 Nc6 3. Bc4 Bc5 4. Nc3 Nf6 5. d3 h6 6. h3 d6 7. Be3 Bb6 8.
O-O Be6 9. Bb3 O-O 10. d4 exd4 11. Nxd4 Nxd4 12. Bxd4 Re8 13. Re1 Ba5 14.
Qf3 a6 15. Bxf6 Qxf6 16. Qxf6 gxf6 17. Re3 Kh7 18. Nd5 Bxd5 19. Bxd5 Bb6 20.
Ree1 c6 21. Bxf7 Re7 22. Bb3 Rae8 23. c3 Kh8 24. Bc2 d5 25. Kf1 dxe4 26.
Rad1 Bc7 27. Rd4 f5 28. Rdd1 Re5 29. Rd7 R8e7 30. Rxe7 Rxe7 31. f3 Bg3 32.
Re2 Rd7 33. fxe4 fxe4 34. Rxe4 Rd2 35. Re2 Rxe2 36. Kxe2 h5 37. Bf5 b6 38.
Kd3 Kg7 39. Bd7 c5 40. Bc8 a5 41. Kc4 Kf7 42. Kb5 Bc7 43. h4 Ke7 44. g4 hxg4
45. Bxg4 Kd6 46. h5 Bd8 47. h6 Kc7 48. h7 Bf6 49. Bf5 Bh8 50. Kc4 Kd6 51. a4
Kc6 52. Be4+ Kd6 53. Bf3 Bg7 54. Kd3 Ke5 55. Be4 Bh8 56. Ke3 Bg7 57. Kf3 Bh8
58. Bd3 Bg7 59. Kg4 Kf6 60. Kf4 Bh6+ 61. Ke4 Kg7 62. Ke5 Bc1 63. b3 Bb2 64.
Kd6 Bxc3 65. Kc6 Bb4 66. Kxb6 Kh8 67. Kb5 Kg7 68. Kc4 Kh8 69. Kd5 Kg7 70.
Ke6 Kh8 71. Kf7 Ba3 72. Kg6 Bb4 73. Bc4 Ba3 74. Bg8 Bb4 75. Kf6 Ba3 76. Ke5
Bb4 77. Kd5 Kg7 78. Kc4 Kh8 79. Kb5 Kg7 80. Kc4 Kh8 81. Kd5 Kg7 82. Ke6 Kh8
83. Kf6 Ba3 84. Kg6 Bb4 85. Bc4 Ba3 86. Bd3 Bb4 87. Kf6 Ba3 88. Kf7 Bb4 89.
Ke6 Ba3 90. Kd5 Bb4 91. Kc4 Kg7 92. Bg6 Kh8 93. Kb5 Kg7 94. Ka6 Kh8 95. Kb5
Kg7 96. h8=Q+ Kxh8 97. Bd3 Kg7 98. Bc4 Kf6 99. Bd3 Ke5 100. Bc4 Kd4 101. Bg8
Kc3 102. Bc4 Kd4 103. Ka6 Kc3 104. Kb5 Kd4 105. Kc6 Kc3 106. Kd5 Kd2 107.
Ke4 Kc3 108. Ke3 Ba3 109. Bg8 Bb4 110. Ke4 Ba3 111. Ke5 Bb4 112. Kd6 c4+
113. Ke5 cxb3 114. Bh7 b2 115. Kd5 Kb3 116. Kd4 Kxa4 117. Kd3 Kb3 118. Ke2
Kc3 119. Kd1 a4 120. Bc2 a3 121. Bd3 a2 122. Ke2 b1=Q 123. Bxb1 axb1=Q 124.
Kf3 Qd1+ 125. Kf4 Bd6+ 126. Kg5 Qd2+ 127. Kg6 Qd3+ 128. Kg7 Qd4+ 129. Kg8
Qd5+ 130. Kh8 Be5+ 131. Kh7 Qf7+ 132. Kh6 Bf4# {White checkmated} 0-1

[Event "ICC tourney 3150 (60 10)"]
[Site "Internet Chess Club"]
[Date "2023.03.19"]
[Round "5"]
[White "Doan Giang, Nguyen Doan:Doctorstrange04"]
[Black "VALE CRUZ, ARMIN:trucker"]
[Result "0-1"]
[ICCResult "White resigns"]
[WhiteElo "1835"]
[BlackElo "1642"]
[Opening "Caro-Kann: exchange, Rubinstein variation"]
[ECO "B13"]
[NIC "CK.02"]
[Time "14:00:18"]
[PlyCount "120"]
[TimeControl "3600+10"]

1. e4 c6 2. d4 d5 3. exd5 cxd5 4. Bd3 Nc6 5. c3 Nf6 6. Bf4 Bg4 7. Qb3 Qd7 8.
Nd2 a6 9. Ngf3 e6 10. O-O Be7 11. Rae1 O-O 12. Ne5 Qc8 13. Qc2 g6 14. Nxg4
Nxg4 15. Qd1 Nf6 16. Re3 Nh5 17. Bh6 Ng7 18. Rh3 Qd8 19. f4 Re8 20. g4 f5
21. Re1 Qd7 22. Bxg7 Kxg7 23. gxf5 exf5 24. Nf3 Bf6 25. Ne5 Bxe5 26. fxe5
Nd8 27. Qd2 Kh8 28. Qg2 Ne6 29. Rf1 Rg8 30. Bc2 b5 31. Bb3 Rad8 32. Qf2 Ng5
33. Re3 Rgf8 34. Qh4 Ne4 35. Rh3 Qg7 36. Bc2 g5 37. Qh6 g4 38. Rh5 Qxh6 39.
Rxh6 g3 40. Rxa6 gxh2+ 41. Kxh2 Rd7 42. Bxe4 dxe4 43. e6 Rg7 44. Rg1 Rfg8
45. Rxg7 Rxg7 46. Ra8+ Rg8 47. Rxg8+ Kxg8 48. d5 e3 49. Kg3 h5 50. d6 Kf8
51. Kf3 f4 52. a4 h4 53. axb5 h3 54. b6 h2 55. Kg2 e2 56. b7 h1=Q+ 57. Kxh1
e1=Q+ 58. Kh2 Qg3+ 59. Kh1 Qf3+ 60. Kh2 Qxb7 {White resigns} 0-1

[Event "ICC tourney 3150 (60 10)"]
[Site "Internet Chess Club"]
[Date "2023.03.19"]
[Round "5"]
[White "KOEHL, EVAN:MacAndSneeze"]
[Black "S.M, UMER:uncrackable"]
[Result "1/2-1/2"]
[ICCResult "Game drawn by repetition"]
[WhiteElo "1729"]
[BlackElo "1865"]
[Opening "Sicilian: Anderssen variation"]
[ECO "B41"]
[NIC "SI.41"]
[Time "14:00:18"]
[PlyCount "81"]
[TimeControl "3600+10"]

1. e4 c5 2. Nf3 e6 3. d4 cxd4 4. Nxd4 Nf6 5. Nc3 Nc6 6. Nxc6 bxc6 7. e5 Nd5
8. Ne4 Qc7 9. f4 Qb6 10. c4 Bb4+ 11. Ke2 f5 12. Nf2 Ba6 13. Kf3 Ne7 14. Qc2
g5 15. Nd3 g4+ 16. Kg3 Ng6 17. Nxb4 Qxb4 18. Bd2 Qe7 19. Kf2 c5 20. Be3 Rb8
21. b3 O-O 22. Rd1 Rb6 23. Qd2 Rd8 24. Qa5 Rc8 25. b4 d6 26. exd6 Rxd6 27.
Be2 Rxd1 28. Rxd1 Bb7 29. Kg1 cxb4 30. Qxa7 Ra8 31. Qc5 Qxc5 32. Bxc5 Nxf4
33. Bf1 Be4 34. Bxb4 Rxa2 35. Rd8+ Kf7 36. Rd7+ Kg6 37. Bd2 Nd3 38. Bc3 Nf4
39. Bd2 Nd3 40. Bc3 Nf4 41. Bd2 {Game drawn by repetition} 1/2-1/2

[Event "ICC tourney 3150 (60 10)"]
[Site "Internet Chess Club"]
[Date "2023.03.19"]
[Round "5"]
[White "LU, JOSHUA:qingjoshua"]
[Black "Ceballos, Sebastian Merida:Sebastianmc"]
[Result "1-0"]
[ICCResult "Black resigns"]
[WhiteElo "1895"]
[BlackElo "1850"]
[Opening "English opening"]
[ECO "A13"]
[NIC "EO.64"]
[Time "14:00:22"]
[PlyCount "127"]
[TimeControl "3600+10"]

1. c4 e6 2. Nf3 f5 3. g3 b6 4. Bg2 Bb7 5. O-O Nf6 6. Nc3 Bb4 7. Qc2 O-O 8.
d3 Bxc3 9. Qxc3 d6 10. b4 a5 11. a3 Nc6 12. Bb2 Qe7 13. Rfc1 Ra7 14. b5 Nb8
15. a4 Nbd7 16. d4 Raa8 17. Ne1 Bxg2 18. Kxg2 e5 19. e3 e4 20. Ba3 g5 21. c5
f4 22. cxd6 f3+ 23. Kg1 cxd6 24. Qc6 Qe6 25. Qxd6 Qh3 26. g4 Nxg4 27. Qg3
Qxg3+ 28. hxg3 Rfc8 29. Rc6 Rxc6 30. bxc6 Ndf6 31. Rb1 Nd5 32. Rb5 Ngf6 33.
Nxf3 exf3 34. e4 Nc7 35. Rxg5+ Kf7 36. Rf5 Kg6 37. Re5 Re8 38. Rxe8 Nfxe8
39. d5 Kf6 40. d6 Ne6 41. d7 N8c7 42. Bd6 b5 43. Bxc7 Ke7 44. Bxa5 bxa4 45.
e5 a3 46. Bb4+ Kd8 47. Bxa3 Nd4 48. e6 Nxc6 49. Kh2 Nd4 50. e7+ Kxd7 51. g4
Nc6 52. Kg3 Nxe7 53. Bxe7 Kxe7 54. Kxf3 Kf6 55. Kg3 Kg5 56. f4+ Kf6 57. Kh4
Kg6 58. f5+ Kh6 59. g5+ Kg7 60. Kh5 Kf7 61. Kh6 Kg8 62. g6 Kh8 63. g7+ Kg8
64. f6 {Black resigns} 1-0

[Event "ICC tourney 3150 (60 10)"]
[Site "Internet Chess Club"]
[Date "2023.03.19"]
[Round "5"]
[White "Cheng, Samuel:Samuel1001"]
[Black "SHERNOFF, LEON:LeonShernoff"]
[Result "1-0"]
[ICCResult "Black forfeits on time"]
[WhiteElo "1030"]
[BlackElo "1905"]
[Opening "QGD Slav: Dutch variation"]
[ECO "D18"]
[NIC "SL.05"]
[Time "14:00:20"]
[PlyCount "85"]
[TimeControl "3600+10"]

1. d4 d5 2. c4 c6 3. Nf3 Nf6 4. Nc3 dxc4 5. a4 Bf5 6. e3 e6 7. Bxc4 Bb4 8.
O-O Nbd7 9. Qe2 Bg6 10. Rd1 O-O 11. Bd3 Bxd3 12. Qxd3 Qc7 13. e4 e5 14. Nh4
exd4 15. Qxd4 Bc5 16. Qc4 Ng4 17. g3 Bxf2+ 18. Kg2 Bb6 19. Qe2 Nge5 20. Bf4
f6 21. Nf5 Rad8 22. Rac1 Nc5 23. Nd4 Rxd4 24. Rxd4 Nb3 25. Rdd1 Nxc1 26.
Rxc1 Qe7 27. Rf1 Rd8 28. Bxe5 Qxe5 29. Rf5 Qd4 30. Qg4 Qd7 31. e5 Qd2+ 32.
Kh3 Qh6+ 33. Rh5 Qg6 34. Qh4 fxe5 35. Ne4 Qe6+ 36. g4 Rd3+ 37. Ng3 Qg6 38.
Rxe5 Qf7 39. Rf5 Qe6 40. Rf1 g6 41. Qh6 Bc5 42. Qg5 h5 43. Qxc5
{Black forfeits on time}
1-0